[ PARTIDA AOE2 · #467488983 ]
Team RMBizantinos vs Portuguese
[ ANÁLISIS DE REPETICIÓN · EXTRAÍDO DE LA PARTIDA GRABADA ]
Feudal
12:18
Castillos
—
Imperial
—
| APM promedio | 21.5 |
| APM pico | 61 |
| eAPM promedio | 9.0 |
| Aldeanos / militares | 76 / 31 |
Foco
⚔️ 27.8% · 🌾 72.2%
Militia ×16 · Skirmisher ×10 · Spearman ×5
Feudal
10:44
Castillos
27:44
Imperial
41:08
| APM promedio | 31.1 |
| APM pico | 73 |
| eAPM promedio | 17.0 |
| Aldeanos / militares | 104 / 150 |
Foco
⚔️ 32.1% · 🌾 67.9%
Spearman ×71 · Knight ×40 · Militia ×32 · Battering Ram ×3 · Konnik ×2 · Trebuchet (Packed) ×2
Feudal
11:15
Castillos
15:40
Imperial
34:25
| APM promedio | 39.5 |
| APM pico | 90 |
| eAPM promedio | 15.5 |
| Aldeanos / militares | 127 / 98 |
Foco
⚔️ 28.4% · 🌾 71.6%
Knight ×86 · Trade Cart ×20 · Bombard Cannon ×7 · Throwing Axeman ×4 · Trebuchet (Packed) ×1
Feudal
10:30
Castillos
23:25
Imperial
39:44
| APM promedio | 51.0 |
| APM pico | 95 |
| eAPM promedio | 22.5 |
| Aldeanos / militares | 68 / 128 |
Foco
⚔️ 33.3% · 🌾 66.7%
Eagle Scout ×68 · Spearman ×34 · Jaguar Warrior ×14 · Battering Ram ×8 · Trebuchet (Packed) ×3 · Scorpion ×1
Feudal
12:38
Castillos
23:20
Imperial
39:27
| APM promedio | 31.8 |
| APM pico | 79 |
| eAPM promedio | 16.3 |
| Aldeanos / militares | 135 / 177 |
Foco
⚔️ 25.3% · 🌾 74.7%
Spearman ×98 · Boyar ×53 · Scorpion ×12 · Trebuchet (Packed) ×8 · Trade Cart ×6 · Monk ×6
Feudal
—
Castillos
—
Imperial
—
| APM promedio | 16.2 |
| APM pico | 36 |
| eAPM promedio | 12.5 |
| Aldeanos / militares | 81 / 18 |
Foco
⚔️ 12.4% · 🌾 87.6%
Organ Gun ×16 · Mangonel ×2
Mapa de la partida
Recursos al inicio + cada clic de construcción. Línea gruesa = muro · recuadro discontinuo = muro de casas detectado. 🟡 oro · ⚪ piedra · 🟢 bayas · 🔶 jabalí · ⭕ reliquia
Terreno con sombreado de elevación (luz NO: claro = ladera hacia el noroeste) · ⚠ = hueco de muro detectado
Inputs por minuto
— Nickisnick23 - - MAGNUM S1
Build order — Nickisnick23
Primeras 150 de 184 acciones detectadas
| 0:08 | Construir | House |
| 0:14 | Construir | House |
| 0:17 | Crear | Villager (Male) ×4 |
| 2:13 | Construir | Lumber Camp |
| 2:19 | Crear | Villager (Male) |
| 2:19 | Crear | Villager (Male) |
| 2:52 | Crear | Villager (Male) |
| 2:52 | Crear | Villager (Male) |
| 2:52 | Crear | Villager (Male) |
| 3:28 | Crear | Villager (Male) |
| 3:28 | Crear | Villager (Male) |
| 3:28 | Crear | Villager (Male) |
| 3:49 | Construir | House |
| 3:50 | Construir | House |
| 3:51 | Construir | House |
| 3:53 | Construir | House |
| 3:54 | Construir | House |
| 3:54 | Construir | House |
| 3:55 | Construir | House |
| 3:55 | Construir | House |
| 3:55 | Construir | House |
| 3:55 | Construir | House |
| 3:56 | Construir | House |
| 3:56 | Construir | House |
| 3:56 | Construir | House |
| 3:56 | Construir | House |
| 3:57 | Construir | House |
| 3:57 | Construir | House |
| 3:57 | Construir | House |
| 3:58 | Construir | House |
| 3:58 | Construir | House |
| 3:58 | Construir | House |
| 3:59 | Construir | House |
| 3:59 | Construir | House |
| 3:59 | Construir | House |
| 4:20 | Crear | Villager (Male) |
| 4:20 | Crear | Villager (Male) |
| 4:21 | Crear | Villager (Male) |
| 6:40 | Construir | Mill |
| 7:00 | Crear | Villager (Male) |
| 7:00 | Crear | Villager (Male) |
| 7:00 | Crear | Villager (Male) |
| 7:01 | Crear | Villager (Male) |
| 7:40 | Construir | Barracks |
| 7:58 | Construir | Palisade Wall |
| 8:01 | Construir | Palisade Wall |
| 8:10 | Construir | Palisade Wall |
| 9:25 | Construir | Palisade Wall |
| 10:08 | Investigar | Feudal Age |
| 10:08 | Investigar | Loom |
| 10:09 | Crear | Villager (Male) |
| 10:11 | Crear | Villager (Male) |
| 10:12 | Crear | Villager (Male) |
| 10:37 | Construir | Palisade Wall |
| 10:45 | Construir | Palisade Wall |
| 10:54 | Construir | Palisade Wall |
| 11:06 | Construir | Palisade Wall |
| 11:08 | Construir | Palisade Wall |
| 11:17 | Construir | Farm |
| 11:24 | Construir | Farm |
| 11:29 | Construir | Farm |
| 11:50 | Construir | Farm |
| 12:08 | Crear | Villager (Male) |
| 12:08 | Crear | Villager (Male) |
| 12:08 | Crear | Villager (Male) |
| 12:18 | Edad | Edad Feudal |
| 13:11 | Construir | Palisade Wall |
| 13:29 | Construir | Barracks |
| 14:33 | Investigar | Man-at-Arms (upgrade) |
| 16:40 | Crear | Spearman |
| 16:40 | Crear | Spearman |
| 16:41 | Crear | Spearman |
| 16:41 | Crear | Spearman |
| 16:41 | Crear | Spearman |
| 17:31 | Construir | Palisade Wall |
| 18:50 | Construir | Palisade Wall |
| 19:06 | Construir | Archery Range |
| 19:13 | Investigar | Arson |
| 19:17 | Crear | Villager (Male) |
| 19:17 | Crear | Villager (Male) |
| 19:17 | Crear | Villager (Male) |
| 19:17 | Crear | Villager (Male) |
| 19:18 | Crear | Villager (Male) |
| 21:29 | Investigar | Wheelbarrow |
| 21:30 | Crear | Villager (Male) ×5 |
| 21:30 | Crear | Villager (Male) ×5 |
| 21:31 | Crear | Villager (Male) ×5 |
| 21:31 | Crear | Villager (Male) ×4 |
| 21:56 | Construir | Farm |
| 22:15 | Crear | Skirmisher |
| 22:15 | Crear | Skirmisher |
| 22:15 | Crear | Skirmisher |
| 22:16 | Crear | Skirmisher |
| 22:16 | Crear | Skirmisher |
| 23:37 | Construir | Lumber Camp |
| 24:51 | Construir | Watch Tower |
| 25:18 | Construir | Farm |
| 25:28 | Construir | Palisade Wall |
| 26:55 | Construir | Farm |
| 27:06 | Crear | Skirmisher |
| 27:06 | Crear | Skirmisher |
| 27:06 | Crear | Skirmisher |
| 27:07 | Crear | Skirmisher |
| 27:07 | Crear | Skirmisher |
| 27:58 | Construir | House |
| 28:00 | Construir | House |
| 28:02 | Construir | House |
| 28:04 | Construir | House |
| 29:17 | Construir | Palisade Wall |
| 29:48 | Construir | Palisade Wall |
| 30:22 | Construir | Building 800 |
| 30:48 | Construir | Lumber Camp |
| 31:17 | Construir | Lumber Camp |
| 31:28 | Construir | Farm |
| 31:30 | Construir | Farm |
| 31:33 | Construir | Farm |
| 32:28 | Crear | Villager (Male) |
| 32:28 | Crear | Villager (Male) |
| 32:28 | Crear | Villager (Male) |
| 32:29 | Crear | Villager (Male) |
| 32:29 | Crear | Villager (Male) |
| 33:03 | Construir | Mining Camp |
| 33:29 | Construir | Farm |
| 33:31 | Investigar | Horse Collar |
| 33:36 | Investigar | Double-Bit Axe |
| 37:38 | Construir | House |
| 38:09 | Construir | Palisade Wall |
| 39:24 | Construir | Town Center |
| 40:13 | Construir | Palisade Wall |
| 40:22 | Construir | Palisade Gate |
| 40:29 | Crear | Villager (Male) |
| 40:29 | Crear | Villager (Male) |
| 40:29 | Crear | Villager (Male) |
| 40:29 | Crear | Villager (Male) |
| 40:30 | Crear | Villager (Male) |
| 40:30 | Crear | Villager (Male) |
| 40:30 | Crear | Villager (Male) |
| 40:31 | Crear | Villager (Male) |
| 40:31 | Crear | Villager (Male) |
| 41:11 | Construir | Palisade Wall |
| 41:50 | Crear | Villager (Male) |
| 41:51 | Crear | Villager (Male) |
| 41:51 | Crear | Villager (Male) |
| 41:51 | Crear | Villager (Male) |
| 41:51 | Crear | Villager (Male) |
| 41:52 | Crear | Villager (Male) |
| 41:52 | Crear | Villager (Male) |
| 41:52 | Crear | Villager (Male) |
| 43:09 | Crear | Villager (Male) |
| 43:09 | Crear | Villager (Male) |
Build order — MAGNUM S1
Primeras 150 de 352 acciones detectadas
| 0:00 | Crear | Villager (Male) |
| 0:00 | Crear | Villager (Male) |
| 0:03 | Construir | House |
| 0:05 | Construir | House |
| 0:08 | Crear | Villager (Male) |
| 0:09 | Crear | Villager (Male) |
| 1:28 | Crear | Villager (Male) |
| 1:29 | Crear | Villager (Male) |
| 2:08 | Construir | Lumber Camp |
| 2:13 | Crear | Villager (Male) |
| 2:13 | Crear | Villager (Male) |
| 2:14 | Crear | Villager (Male) |
| 2:46 | Crear | Villager (Male) |
| 3:07 | Crear | Villager (Male) |
| 3:08 | Crear | Villager (Male) |
| 3:41 | Construir | House |
| 3:48 | Crear | Villager (Male) |
| 3:48 | Crear | Villager (Male) |
| 4:16 | Construir | Mill |
| 4:26 | Crear | Villager (Male) |
| 4:26 | Crear | Villager (Male) |
| 4:26 | Crear | Villager (Male) |
| 5:09 | Crear | Villager (Male) |
| 5:28 | Crear | Villager (Male) |
| 5:29 | Crear | Villager (Male) |
| 5:29 | Crear | Villager (Male) |
| 5:38 | Construir | House |
| 6:00 | Crear | Villager (Male) |
| 6:00 | Crear | Villager (Male) |
| 6:01 | Investigar | Loom |
| 6:10 | Construir | Palisade Wall |
| 6:24 | Investigar | Loom |
| 6:49 | Crear | Villager (Male) |
| 6:49 | Crear | Villager (Male) |
| 6:50 | Crear | Villager (Male) |
| 6:52 | Investigar | Loom |
| 7:53 | Construir | Mining Camp |
| 8:15 | Construir | Palisade Wall |
| 8:29 | Construir | Palisade Wall |
| 8:34 | Investigar | Feudal Age |
| 8:40 | Construir | Palisade Wall |
| 8:53 | Construir | Barracks |
| 8:57 | Construir | Palisade Wall |
| 9:02 | Construir | Palisade Wall |
| 9:09 | Construir | Palisade Wall |
| 9:12 | Construir | Palisade Wall |
| 9:26 | Construir | Palisade Gate |
| 10:13 | Construir | House |
| 10:18 | Construir | Palisade Wall |
| 10:28 | Crear | Villager (Male) |
| 10:44 | Edad | Edad Feudal |
| 10:50 | Investigar | Double-Bit Axe |
| 10:53 | Investigar | Horse Collar |
| 11:03 | Construir | House |
| 11:04 | Construir | House |
| 11:08 | Crear | Villager (Male) |
| 11:08 | Crear | Villager (Male) |
| 11:22 | Crear | Villager (Male) |
| 12:05 | Crear | Villager (Male) |
| 12:22 | Construir | Barracks |
| 12:25 | Crear | Militia |
| 12:25 | Crear | Militia |
| 12:35 | Construir | Farm |
| 12:36 | Construir | Farm |
| 12:39 | Construir | Farm |
| 12:40 | Construir | Farm |
| 12:47 | Construir | Blacksmith |
| 13:13 | Construir | Farm |
| 13:13 | Construir | Farm |
| 13:34 | Crear | Villager (Male) |
| 13:45 | Construir | Farm |
| 13:46 | Construir | Farm |
| 13:46 | Construir | Farm |
| 14:18 | Crear | Villager (Male) |
| 14:20 | Crear | Villager (Male) |
| 14:23 | Crear | Militia |
| 14:23 | Crear | Militia |
| 14:52 | Construir | Farm |
| 15:03 | Crear | Villager (Male) |
| 15:11 | Construir | Lumber Camp |
| 15:18 | Crear | Militia |
| 15:18 | Crear | Militia |
| 15:22 | Investigar | Scale Mail Armor |
| 15:30 | Investigar | Forging |
| 15:42 | Crear | Militia |
| 15:42 | Crear | Militia |
| 15:52 | Construir | Farm |
| 15:55 | Crear | Villager (Male) |
| 16:06 | Crear | Militia |
| 16:14 | Construir | Farm |
| 16:17 | Construir | Farm |
| 16:20 | Construir | Farm |
| 16:26 | Crear | Villager (Male) |
| 16:28 | Crear | Militia |
| 16:28 | Crear | Militia |
| 16:40 | Crear | Militia |
| 17:05 | Crear | Villager (Male) |
| 17:06 | Crear | Militia |
| 17:07 | Crear | Militia |
| 17:22 | Crear | Militia |
| 17:22 | Crear | Militia |
| 17:24 | Crear | Villager (Male) |
| 17:24 | Crear | Villager (Male) |
| 17:42 | Crear | Militia |
| 17:49 | Construir | Farm |
| 17:50 | Construir | Farm |
| 17:53 | Construir | Farm |
| 17:57 | Investigar | Arson |
| 18:07 | Crear | Villager (Male) |
| 18:08 | Crear | Villager (Male) |
| 18:24 | Crear | Militia |
| 18:25 | Crear | Militia |
| 18:33 | Construir | House |
| 18:35 | Construir | House |
| 18:36 | Construir | House |
| 18:56 | Crear | Militia |
| 18:57 | Crear | Villager (Male) |
| 19:00 | Construir | House |
| 19:01 | Construir | House |
| 19:01 | Construir | House |
| 19:03 | Construir | Farm |
| 19:04 | Construir | Farm |
| 19:11 | Investigar | Wheelbarrow |
| 19:40 | Crear | Villager (Male) |
| 19:41 | Crear | Villager (Male) |
| 19:42 | Crear | Militia |
| 19:42 | Crear | Militia |
| 20:05 | Crear | Militia |
| 20:05 | Crear | Militia |
| 20:11 | Construir | Lumber Camp |
| 20:13 | Construir | Farm |
| 20:13 | Construir | Farm |
| 20:28 | Construir | Palisade Wall |
| 20:45 | Crear | Militia |
| 20:45 | Crear | Militia |
| 20:54 | Construir | Palisade Wall |
| 21:07 | Crear | Villager (Male) |
| 21:35 | Construir | Farm |
| 21:36 | Construir | Farm |
| 21:36 | Construir | Farm |
| 21:40 | Crear | Villager (Male) |
| 22:03 | Crear | Villager (Male) |
| 23:24 | Crear | Villager (Male) |
| 23:25 | Crear | Villager (Male) |
| 23:35 | Construir | Market |
| 24:05 | Crear | Villager (Male) |
| 24:05 | Crear | Villager (Male) |
| 24:20 | Construir | Farm |
| 24:51 | Investigar | Castle Age |
| 25:00 | Construir | Stable |
Build order — Playadito
Primeras 150 de 390 acciones detectadas
| 0:00 | Crear | Villager (Male) |
| 0:01 | Crear | Villager (Male) |
| 0:01 | Crear | Villager (Male) |
| 0:01 | Crear | Villager (Male) |
| 0:03 | Construir | House |
| 0:05 | Construir | House |
| 1:33 | Crear | Villager (Male) |
| 1:33 | Crear | Villager (Male) |
| 1:59 | Construir | Lumber Camp |
| 2:03 | Crear | Villager (Male) |
| 2:23 | Crear | Villager (Male) |
| 2:24 | Crear | Villager (Male) |
| 2:53 | Crear | Villager (Male) |
| 3:34 | Crear | Villager (Male) |
| 3:34 | Crear | Villager (Male) |
| 4:33 | Crear | Villager (Male) |
| 4:34 | Crear | Villager (Male) |
| 4:34 | Crear | Villager (Male) |
| 4:34 | Crear | Villager (Male) |
| 4:52 | Construir | House |
| 5:00 | Investigar | Loom |
| 5:01 | Crear | Villager (Male) |
| 5:20 | Crear | Villager (Male) |
| 5:20 | Crear | Villager (Male) |
| 5:21 | Crear | Villager (Male) |
| 5:21 | Crear | Villager (Male) |
| 6:04 | Crear | Villager (Male) |
| 6:05 | Crear | Villager (Male) |
| 6:16 | Construir | Mill |
| 6:30 | Crear | Villager (Male) |
| 6:30 | Crear | Villager (Male) |
| 6:42 | Construir | House |
| 8:11 | Investigar | Feudal Age |
| 8:48 | Construir | Mining Camp |
| 9:48 | Construir | Farm |
| 9:49 | Construir | Farm |
| 10:23 | Crear | Villager (Male) |
| 10:23 | Crear | Villager (Male) |
| 11:09 | Construir | Farm |
| 11:15 | Edad | Edad Feudal |
| 11:16 | Construir | House |
| 11:26 | Construir | Blacksmith |
| 11:35 | Construir | Market |
| 11:51 | Crear | Villager (Male) |
| 12:21 | Construir | House |
| 12:24 | Construir | Palisade Wall |
| 12:40 | Construir | Farm |
| 13:00 | Investigar | Castle Age |
| 13:00 | Investigar | Castle Age |
| 13:27 | Crear | Villager (Male) |
| 13:31 | Investigar | Double-Bit Axe |
| 13:37 | Construir | Palisade Wall |
| 14:14 | Construir | Palisade Wall |
| 14:33 | Construir | Barracks |
| 14:36 | Construir | Palisade Wall |
| 14:40 | Crear | Villager (Male) |
| 14:51 | Construir | Palisade Wall |
| 15:35 | Construir | Palisade Wall |
| 15:40 | Edad | Edad de los Castillos |
| 15:53 | Crear | Villager (Male) |
| 15:53 | Crear | Villager (Male) |
| 15:54 | Investigar | Wheelbarrow |
| 16:00 | Construir | Palisade Wall |
| 16:14 | Investigar | Bow Saw |
| 16:36 | Construir | Farm |
| 16:37 | Construir | Farm |
| 16:44 | Construir | Farm |
| 17:19 | Construir | Farm |
| 17:21 | Crear | Villager (Male) |
| 19:04 | Crear | Villager (Male) |
| 19:04 | Crear | Villager (Male) |
| 19:05 | Crear | Villager (Male) |
| 19:09 | Construir | House |
| 19:11 | Construir | House |
| 19:35 | Construir | Town Center |
| 19:48 | Construir | House |
| 19:52 | Construir | House |
| 19:57 | Construir | Palisade Wall |
| 19:58 | Crear | Villager (Male) |
| 20:15 | Construir | Farm |
| 20:22 | Construir | Farm |
| 20:42 | Construir | Lumber Camp |
| 20:46 | Crear | Villager (Male) |
| 20:47 | Crear | Villager (Male) |
| 20:48 | Crear | Villager (Male) |
| 20:48 | Crear | Villager (Male) |
| 20:48 | Crear | Villager (Male) |
| 20:54 | Construir | Farm |
| 21:10 | Construir | Farm |
| 21:15 | Construir | Farm |
| 21:29 | Construir | Farm |
| 21:59 | Construir | Lumber Camp |
| 22:19 | Crear | Villager (Male) |
| 22:19 | Crear | Villager (Male) |
| 22:20 | Crear | Villager (Male) |
| 22:21 | Crear | Villager (Male) |
| 22:25 | Construir | Stable |
| 22:50 | Crear | Villager (Male) |
| 22:50 | Crear | Villager (Male) |
| 23:01 | Crear | Villager (Male) |
| 23:13 | Investigar | Hand Cart |
| 23:15 | Crear | Villager (Male) |
| 23:15 | Crear | Villager (Male) |
| 23:22 | Investigar | Forging |
| 23:22 | Investigar | Scale Barding Armor |
| 23:33 | Construir | Farm |
| 23:35 | Construir | Farm |
| 23:36 | Construir | Farm |
| 23:37 | Construir | Farm |
| 23:48 | Crear | Knight |
| 23:48 | Crear | Knight |
| 23:58 | Construir | Stable |
| 24:02 | Construir | Farm |
| 24:03 | Construir | Farm |
| 24:10 | Construir | Farm |
| 24:20 | Construir | Farm |
| 24:38 | Investigar | Scale Barding Armor |
| 24:44 | Crear | Knight |
| 24:48 | Crear | Villager (Male) |
| 24:48 | Crear | Villager (Male) |
| 24:59 | Construir | Farm |
| 25:00 | Construir | Farm |
| 25:15 | Crear | Knight |
| 25:15 | Crear | Knight |
| 25:27 | Crear | Villager (Male) |
| 25:27 | Crear | Villager (Male) |
| 25:27 | Crear | Villager (Male) |
| 25:28 | Crear | Villager (Male) |
| 25:30 | Construir | House |
| 25:35 | Construir | House |
| 25:36 | Construir | House |
| 25:39 | Construir | House |
| 26:05 | Crear | Villager (Male) |
| 26:06 | Crear | Villager (Male) |
| 26:07 | Crear | Knight |
| 26:07 | Crear | Knight |
| 26:12 | Investigar | Husbandry |
| 26:38 | Crear | Villager (Male) |
| 26:38 | Crear | Villager (Male) |
| 26:39 | Crear | Villager (Male) |
| 26:44 | Investigar | Iron Casting |
| 26:52 | Investigar | Iron Casting |
| 27:01 | Construir | Farm |
| 27:03 | Construir | House |
| 27:13 | Crear | Villager (Male) |
| 27:13 | Crear | Villager (Male) |
| 27:30 | Crear | Villager (Male) |
| 27:31 | Crear | Villager (Male) |
| 28:30 | Construir | Town Center |
| 28:45 | Construir | University |
Build order — canaed
Primeras 150 de 297 acciones detectadas
| 0:06 | Crear | Villager (Male) |
| 0:06 | Crear | Villager (Male) |
| 0:06 | Crear | Villager (Male) |
| 0:06 | Crear | Villager (Male) |
| 0:09 | Construir | House |
| 0:11 | Construir | House |
| 1:52 | Crear | Villager (Male) |
| 1:55 | Construir | Lumber Camp |
| 2:26 | Crear | Villager (Male) |
| 2:43 | Crear | Villager (Male) |
| 3:14 | Crear | Villager (Male) |
| 3:30 | Crear | Villager (Male) |
| 4:06 | Crear | Villager (Male) |
| 4:11 | Crear | Villager (Male) |
| 4:21 | Construir | House |
| 4:37 | Construir | Mill |
| 4:52 | Crear | Villager (Male) |
| 5:14 | Construir | House |
| 5:30 | Crear | Villager (Male) |
| 5:30 | Crear | Villager (Male) |
| 5:51 | Crear | Villager (Male) |
| 6:00 | Crear | Villager (Male) |
| 6:35 | Crear | Villager (Male) |
| 6:56 | Construir | Barracks |
| 7:16 | Crear | Villager (Male) |
| 7:23 | Investigar | Loom |
| 8:10 | Construir | House |
| 8:16 | Investigar | Feudal Age |
| 8:25 | Construir | Mining Camp |
| 9:22 | Construir | Lumber Camp |
| 9:52 | Construir | House |
| 9:54 | Construir | Palisade Wall |
| 10:30 | Edad | Edad Feudal |
| 10:35 | Crear | Eagle Scout |
| 10:38 | Crear | Eagle Scout |
| 10:39 | Crear | Eagle Scout |
| 10:40 | Crear | Eagle Scout |
| 10:46 | Investigar | Double-Bit Axe |
| 10:48 | Crear | Villager (Male) |
| 10:51 | Investigar | Horse Collar |
| 11:12 | Crear | Eagle Scout |
| 11:30 | Construir | Watch Tower |
| 11:40 | Crear | Villager (Male) |
| 11:58 | Construir | Blacksmith |
| 12:15 | Crear | Villager (Male) |
| 12:17 | Crear | Villager (Male) |
| 13:13 | Construir | Farm |
| 13:15 | Construir | Farm |
| 13:21 | Crear | Villager (Male) |
| 13:52 | Construir | Farm |
| 13:54 | Crear | Villager (Male) |
| 14:04 | Construir | Watch Tower |
| 14:08 | Crear | Villager (Male) |
| 14:23 | Construir | Farm |
| 14:24 | Crear | Villager (Male) |
| 14:28 | Crear | Spearman |
| 14:48 | Investigar | Scale Mail Armor |
| 14:51 | Construir | House |
| 14:54 | Construir | House |
| 14:55 | Construir | House |
| 15:24 | Construir | Farm |
| 15:26 | Construir | Farm |
| 15:27 | Construir | Farm |
| 15:29 | Construir | Farm |
| 15:32 | Crear | Villager (Male) |
| 15:50 | Investigar | Arson |
| 16:23 | Crear | Villager (Male) |
| 16:25 | Construir | Farm |
| 16:27 | Construir | Farm |
| 16:28 | Crear | Villager (Male) |
| 16:30 | Construir | Farm |
| 16:31 | Crear | Villager (Male) |
| 17:04 | Crear | Villager (Male) |
| 17:09 | Construir | Farm |
| 17:11 | Construir | Farm |
| 17:15 | Construir | Farm |
| 17:50 | Construir | Farm |
| 17:53 | Construir | Farm |
| 17:58 | Crear | Villager (Male) |
| 18:56 | Investigar | Wheelbarrow |
| 19:18 | Construir | Market |
| 19:53 | Investigar | Forging |
| 20:45 | Investigar | Castle Age |
| 20:53 | Construir | Barracks |
| 20:54 | Construir | Barracks |
| 20:58 | Crear | Eagle Scout |
| 20:58 | Crear | Eagle Scout |
| 20:59 | Crear | Eagle Scout |
| 21:53 | Construir | House |
| 21:54 | Construir | House |
| 21:55 | Construir | House |
| 22:33 | Crear | Eagle Scout |
| 23:13 | Investigar | Gold Mining |
| 23:18 | Crear | Eagle Scout |
| 23:18 | Crear | Eagle Scout |
| 23:18 | Crear | Eagle Scout |
| 23:25 | Edad | Edad de los Castillos |
| 23:29 | Investigar | Eagle Warrior (upgrade) |
| 23:31 | Investigar | Squires |
| 23:41 | Investigar | Chain Mail Armor |
| 23:42 | Investigar | Iron Casting |
| 23:53 | Crear | Eagle Scout |
| 23:53 | Crear | Eagle Scout |
| 23:54 | Crear | Eagle Scout |
| 23:54 | Crear | Eagle Scout |
| 24:12 | Crear | Villager (Male) |
| 24:12 | Crear | Villager (Male) |
| 24:12 | Crear | Villager (Male) |
| 24:42 | Crear | Eagle Scout |
| 24:42 | Crear | Eagle Scout |
| 24:58 | Construir | Barracks |
| 25:02 | Construir | Barracks |
| 25:22 | Crear | Eagle Scout |
| 25:22 | Crear | Eagle Scout |
| 25:23 | Crear | Eagle Scout |
| 25:51 | Crear | Eagle Scout |
| 25:51 | Crear | Eagle Scout |
| 25:51 | Crear | Eagle Scout |
| 27:03 | Crear | Eagle Scout |
| 27:03 | Crear | Eagle Scout |
| 27:04 | Crear | Eagle Scout |
| 27:04 | Crear | Eagle Scout |
| 27:04 | Crear | Eagle Scout |
| 27:07 | Crear | Villager (Male) |
| 27:08 | Crear | Villager (Male) |
| 27:28 | Construir | Town Center |
| 27:58 | Crear | Villager (Male) |
| 27:58 | Crear | Villager (Male) |
| 28:06 | Crear | Villager (Male) |
| 28:07 | Crear | Villager (Male) |
| 28:09 | Construir | Mining Camp |
| 28:22 | Crear | Eagle Scout |
| 28:22 | Crear | Eagle Scout |
| 28:23 | Crear | Eagle Scout |
| 28:23 | Crear | Eagle Scout |
| 28:32 | Construir | Outpost |
| 28:54 | Construir | Siege Workshop |
| 30:11 | Crear | Villager (Male) |
| 30:11 | Crear | Villager (Male) |
| 30:13 | Construir | Farm |
| 30:14 | Crear | Villager (Male) |
| 30:14 | Crear | Villager (Male) |
| 30:32 | Construir | Castle |
| 30:37 | Crear | Scorpion |
| 30:41 | Crear | Eagle Scout |
| 30:42 | Crear | Eagle Scout |
| 30:42 | Crear | Eagle Scout |
| 30:42 | Crear | Eagle Scout |
| 30:43 | Crear | Eagle Scout |
| 30:53 | Crear | Eagle Scout |
Build order — :beatmeat:
Primeras 150 de 351 acciones detectadas
| 0:01 | Crear | Villager (Male) |
| 0:02 | Crear | Villager (Male) |
| 0:02 | Crear | Villager (Male) |
| 0:04 | Construir | House |
| 0:05 | Construir | House |
| 0:47 | Crear | Villager (Male) |
| 1:45 | Construir | Lumber Camp |
| 2:00 | Crear | Villager (Male) |
| 2:01 | Crear | Villager (Male) |
| 2:24 | Crear | Villager (Male) |
| 2:32 | Crear | Villager (Male) |
| 3:11 | Crear | Villager (Male) |
| 3:27 | Crear | Villager (Male) |
| 4:14 | Construir | House |
| 4:15 | Construir | House |
| 4:23 | Crear | Villager (Male) |
| 4:23 | Crear | Villager (Male) |
| 4:24 | Crear | Villager (Male) |
| 4:24 | Crear | Villager (Male) |
| 5:00 | Construir | Mill |
| 5:15 | Crear | Villager (Male) |
| 5:15 | Crear | Villager (Male) |
| 5:31 | Crear | Villager (Male) |
| 5:58 | Crear | Villager (Male) |
| 5:59 | Crear | Villager (Male) |
| 6:01 | Crear | Villager (Male) |
| 6:12 | Construir | Lumber Camp |
| 6:32 | Crear | Villager (Male) |
| 7:09 | Crear | Villager (Male) |
| 7:09 | Crear | Villager (Male) |
| 7:09 | Crear | Villager (Male) |
| 7:51 | Crear | Villager (Male) |
| 7:52 | Crear | Villager (Male) |
| 8:42 | Construir | House |
| 8:43 | Construir | House |
| 8:48 | Crear | Villager (Male) |
| 8:49 | Crear | Villager (Male) |
| 9:08 | Construir | Mining Camp |
| 10:28 | Investigar | Feudal Age |
| 10:41 | Construir | Barracks |
| 10:48 | Crear | Villager (Male) |
| 11:33 | Crear | Villager (Male) |
| 12:00 | Crear | Villager (Male) |
| 12:38 | Edad | Edad Feudal |
| 12:40 | Construir | Market |
| 12:46 | Construir | Blacksmith |
| 13:05 | Investigar | Horse Collar |
| 13:15 | Investigar | Double-Bit Axe |
| 13:27 | Crear | Villager (Male) |
| 14:00 | Crear | Villager (Male) |
| 14:00 | Crear | Villager (Male) |
| 14:00 | Crear | Villager (Male) |
| 14:04 | Crear | Spearman |
| 14:04 | Crear | Spearman |
| 14:05 | Crear | Spearman |
| 14:29 | Crear | Villager (Male) |
| 14:42 | Construir | Farm |
| 14:43 | Construir | Farm |
| 14:43 | Construir | Farm |
| 14:43 | Construir | Farm |
| 14:43 | Construir | Farm |
| 14:44 | Construir | Farm |
| 14:44 | Construir | Farm |
| 14:44 | Construir | Farm |
| 14:44 | Construir | Farm |
| 15:01 | Crear | Villager (Male) |
| 15:06 | Crear | Spearman |
| 15:07 | Crear | Spearman |
| 15:27 | Crear | Villager (Male) |
| 15:49 | Construir | Palisade Wall |
| 15:52 | Construir | Palisade Wall |
| 15:55 | Construir | Palisade Wall |
| 16:01 | Construir | Palisade Wall |
| 16:03 | Construir | Palisade Wall |
| 16:07 | Construir | Palisade Wall |
| 16:11 | Construir | Palisade Wall |
| 16:14 | Construir | Palisade Wall |
| 16:17 | Construir | Farm |
| 16:17 | Construir | Farm |
| 16:17 | Construir | Farm |
| 16:17 | Construir | Farm |
| 16:18 | Construir | Farm |
| 16:18 | Construir | Farm |
| 16:18 | Construir | Farm |
| 16:30 | Crear | Villager (Male) |
| 16:31 | Crear | Villager (Male) |
| 16:31 | Crear | Villager (Male) |
| 16:31 | Crear | Villager (Male) |
| 16:38 | Construir | House |
| 16:39 | Construir | House |
| 16:40 | Construir | House |
| 16:41 | Construir | House |
| 17:02 | Investigar | Loom |
| 17:44 | Construir | Farm |
| 17:44 | Construir | Farm |
| 17:56 | Investigar | Wheelbarrow |
| 18:39 | Crear | Villager (Male) |
| 18:46 | Construir | Farm |
| 18:47 | Construir | Farm |
| 18:47 | Construir | Farm |
| 18:47 | Construir | Farm |
| 18:47 | Construir | Farm |
| 18:55 | Construir | Palisade Wall |
| 19:01 | Construir | Palisade Wall |
| 19:49 | Construir | Barracks |
| 19:51 | Construir | Barracks |
| 19:59 | Crear | Villager (Male) |
| 20:22 | Crear | Villager (Male) |
| 20:28 | Investigar | Castle Age |
| 20:43 | Investigar | Forging |
| 21:10 | Construir | Building 796 |
| 21:43 | Crear | Villager (Male) |
| 21:43 | Crear | Villager (Male) |
| 21:49 | Crear | Spearman ×5 |
| 21:49 | Crear | Spearman ×5 |
| 22:17 | Crear | Spearman ×4 |
| 22:32 | Construir | Building 800 |
| 22:57 | Crear | Spearman ×5 |
| 22:58 | Crear | Villager (Male) |
| 23:20 | Construir | Mining Camp |
| 23:20 | Edad | Edad de los Castillos |
| 23:26 | Investigar | Pikeman (upgrade) |
| 23:37 | Construir | Farm |
| 23:38 | Construir | Farm |
| 23:38 | Construir | Farm |
| 23:38 | Construir | Farm |
| 23:57 | Construir | Castle |
| 24:12 | Crear | Villager (Male) |
| 24:12 | Crear | Villager (Male) |
| 24:13 | Crear | Villager (Male) |
| 24:22 | Construir | Town Center |
| 24:32 | Investigar | Town Watch |
| 24:36 | Investigar | Squires |
| 24:37 | Crear | Villager (Male) |
| 24:39 | Crear | Villager (Male) |
| 25:17 | Construir | Siege Workshop |
| 25:47 | Crear | Villager (Male) |
| 25:47 | Crear | Villager (Male) |
| 25:53 | Construir | Palisade Wall |
| 26:18 | Construir | Castle |
| 26:30 | Crear | Villager (Male) |
| 26:31 | Crear | Villager (Male) |
| 26:31 | Crear | Villager (Male) |
| 26:31 | Crear | Villager (Male) |
| 27:13 | Crear | Trade Cart |
| 27:13 | Crear | Trade Cart |
| 27:15 | Crear | Villager (Male) |
| 27:16 | Crear | Villager (Male) |
| 27:16 | Crear | Villager (Male) |
| 27:16 | Crear | Villager (Male) |
Build order — PowerVoyage1792
Primeras 150 de 199 acciones detectadas
| 0:03 | Construir | House |
| 0:05 | Construir | House |
| 0:06 | Crear | Villager (Male) |
| 0:07 | Crear | Villager (Male) |
| 0:07 | Crear | Villager (Male) |
| 0:07 | Crear | Villager (Male) |
| 1:34 | Crear | Villager (Male) |
| 2:10 | Crear | Villager (Male) |
| 2:36 | Crear | Villager (Male) |
| 2:57 | Crear | Villager (Male) |
| 3:35 | Crear | Villager (Male) |
| 3:43 | Construir | House |
| 3:44 | Construir | House |
| 4:02 | Crear | Villager (Male) |
| 4:16 | Crear | Villager (Male) |
| 4:33 | Crear | Villager (Male) |
| 4:51 | Construir | Palisade Gate |
| 4:55 | Construir | Mill |
| 4:56 | Crear | Villager (Male) |
| 4:56 | Crear | Villager (Male) |
| 5:51 | Crear | Villager (Male) |
| 5:52 | Crear | Villager (Male) |
| 6:18 | Crear | Villager (Male) |
| 6:50 | Construir | Palisade Wall |
| 6:53 | Construir | Palisade Wall |
| 6:54 | Crear | Villager (Male) |
| 7:02 | Construir | House |
| 7:12 | Construir | Palisade Wall |
| 7:36 | Crear | Villager (Male) |
| 7:57 | Crear | Villager (Male) |
| 8:07 | Construir | Lumber Camp |
| 8:22 | Construir | Palisade Wall |
| 8:24 | Construir | Palisade Wall |
| 8:25 | Crear | Villager (Male) |
| 8:36 | Construir | Palisade Wall |
| 8:39 | Construir | Palisade Wall |
| 8:39 | Crear | Villager (Male) |
| 8:48 | Construir | House |
| 8:56 | Construir | Palisade Wall |
| 9:26 | Crear | Villager (Male) |
| 9:32 | Construir | House |
| 9:36 | Construir | House |
| 9:40 | Construir | House |
| 9:41 | Construir | House |
| 9:42 | Construir | House |
| 9:51 | Construir | Palisade Wall |
| 9:54 | Construir | Building 804 |
| 9:56 | Crear | Villager (Male) |
| 9:57 | Crear | Villager (Male) |
| 10:03 | Construir | Farm |
| 10:03 | Construir | Farm |
| 10:04 | Construir | Farm |
| 10:04 | Construir | Farm |
| 10:04 | Construir | Farm |
| 10:05 | Construir | Farm |
| 10:17 | Crear | Villager (Male) |
| 10:47 | Construir | Mill |
| 10:57 | Investigar | Loom |
| 11:05 | Construir | Farm |
| 11:06 | Construir | Farm |
| 11:21 | Construir | Farm |
| 12:10 | Construir | House |
| 12:12 | Construir | House |
| 12:20 | Construir | Mining Camp |
| 12:22 | Investigar | Feudal Age |
| 12:31 | Construir | Palisade Wall |
| 12:37 | Crear | Villager (Male) |
| 12:46 | Construir | Farm |
| 12:49 | Crear | Villager (Male) |
| 13:03 | Construir | House |
| 13:47 | Crear | Villager (Male) |
| 13:52 | Construir | Palisade Gate |
| 13:56 | Construir | Palisade Wall |
| 14:19 | Construir | Palisade Wall |
| 14:21 | Crear | Villager (Male) |
| 14:50 | Construir | Blacksmith |
| 14:59 | Crear | Villager (Male) |
| 15:07 | Construir | Farm |
| 15:07 | Crear | Villager (Male) |
| 15:08 | Crear | Villager (Male) |
| 15:30 | Construir | Stone Wall |
| 16:08 | Construir | Lumber Camp |
| 17:38 | Construir | Blacksmith |
| 17:47 | Construir | Building 487 |
| 17:49 | Construir | House |
| 17:50 | Construir | House |
| 18:32 | Construir | Stone Wall |
| 18:38 | Construir | Stone Wall |
| 19:14 | Construir | Stone Wall |
| 20:16 | Construir | Farm |
| 21:05 | Construir | Lumber Camp |
| 21:44 | Investigar | Wheelbarrow |
| 22:58 | Construir | Watch Tower |
| 23:03 | Construir | House |
| 23:11 | Construir | House |
| 24:11 | Construir | Farm |
| 24:17 | Investigar | Fletching |
| 24:46 | Construir | Watch Tower |
| 25:14 | Construir | Watch Tower |
| 25:43 | Investigar | Town Watch |
| 26:01 | Construir | Stone Wall |
| 26:07 | Construir | Building 487 |
| 26:59 | Construir | Stone Wall |
| 27:43 | Crear | Villager (Male) |
| 27:43 | Crear | Villager (Male) |
| 27:43 | Crear | Villager (Male) |
| 27:44 | Crear | Villager (Male) |
| 27:44 | Crear | Villager (Male) |
| 27:44 | Crear | Villager (Male) |
| 27:46 | Crear | Villager (Male) |
| 27:46 | Crear | Villager (Male) |
| 28:01 | Construir | Stone Wall |
| 28:04 | Construir | House |
| 28:10 | Construir | Lumber Camp |
| 28:55 | Crear | Villager (Male) |
| 29:16 | Construir | Market |
| 29:51 | Investigar | Castle Age |
| 30:09 | Construir | Farm |
| 30:09 | Construir | Farm |
| 30:10 | Construir | Farm |
| 30:33 | Investigar | Stone Mining |
| 30:36 | Investigar | Gold Mining |
| 31:01 | Investigar | Double-Bit Axe |
| 31:02 | Crear | Villager (Male) |
| 31:02 | Crear | Villager (Male) |
| 31:03 | Crear | Villager (Male) |
| 31:03 | Crear | Villager (Male) |
| 31:04 | Crear | Villager (Male) |
| 31:29 | Crear | Villager (Male) |
| 32:39 | Construir | Town Center |
| 32:46 | Crear | Villager (Male) |
| 32:49 | Investigar | Hand Cart |
| 32:50 | Investigar | Town Patrol |
| 33:10 | Crear | Villager (Male) |
| 33:11 | Crear | Villager (Male) |
| 33:32 | Construir | Building 487 |
| 33:34 | Construir | Stone Wall |
| 33:45 | Construir | Stone Wall |
| 34:17 | Crear | Villager (Male) |
| 34:18 | Crear | Villager (Male) |
| 35:21 | Construir | Building 490 |
| 35:53 | Construir | Castle |
| 36:06 | Crear | Villager (Male) |
| 36:07 | Crear | Villager (Male) |
| 36:22 | Construir | Stone Wall |
| 36:25 | Construir | Stone Wall |
| 36:54 | Investigar | Bodkin Arrow |
| 38:06 | Crear | Villager (Male) |
| 38:06 | Crear | Villager (Male) |
| 38:07 | Crear | Villager (Male) |
Cronología de la partida
| 6:10 | MAGNUM S1 · wall_segment Palisade Wall x6 |
| 6:50 | PowerVoyage1792 · wall_segment Palisade Wall x8 |
| 6:53 | PowerVoyage1792 · wall_segment Palisade Wall x3 |
| 6:56 | canaed · first_building Barracks |
| 7:12 | PowerVoyage1792 · wall_segment Palisade Wall x3 |
| 7:40 | Nickisnick23 · first_building Barracks |
| 7:58 | Nickisnick23 · wall_segment Palisade Wall x8 |
| 8:01 | Nickisnick23 · wall_segment Palisade Wall x7 |
| 8:10 | Nickisnick23 · wall_segment Palisade Wall x12 |
| 8:15 | MAGNUM S1 · wall_segment Palisade Wall x17 |
| 8:22 | PowerVoyage1792 · wall_segment Palisade Wall x1 |
| 8:24 | PowerVoyage1792 · wall_segment Palisade Wall x1 |
| 8:29 | MAGNUM S1 · wall_segment Palisade Wall x32 |
| 8:36 | PowerVoyage1792 · wall_segment Palisade Wall x1 |
| 8:39 | PowerVoyage1792 · wall_segment Palisade Wall x1 |
| 8:40 | MAGNUM S1 · wall_segment Palisade Wall x12 |
| 8:53 | MAGNUM S1 · first_building Barracks |
| 8:56 | PowerVoyage1792 · wall_segment Palisade Wall x2 |
| 8:57 | MAGNUM S1 · wall_segment Palisade Wall x3 |
| 9:02 | MAGNUM S1 · wall_segment Palisade Wall x5 |
| 9:09 | MAGNUM S1 · wall_segment Palisade Wall x3 |
| 9:12 | MAGNUM S1 · wall_segment Palisade Wall x11 |
| 9:25 | Nickisnick23 · wall_segment Palisade Wall x8 |
| 9:51 | PowerVoyage1792 · wall_segment Palisade Wall x8 |
| 9:54 | canaed · wall_segment Palisade Wall x1 |
| 10:18 | MAGNUM S1 · wall_segment Palisade Wall x3 |
| 10:30 | canaed · age_up feudal |
| 10:37 | Nickisnick23 · wall_segment Palisade Wall x8 |
| 10:41 | :beatmeat: · first_building Barracks |
| 10:44 | MAGNUM S1 · age_up feudal |
| 10:45 | Nickisnick23 · wall_segment Palisade Wall x12 |
| 10:54 | Nickisnick23 · wall_segment Palisade Wall x14 |
| 11:06 | Nickisnick23 · wall_segment Palisade Wall x7 |
| 11:08 | Nickisnick23 · wall_segment Palisade Wall x5 |
| 11:15 | Playadito · age_up feudal |
| 12:18 | Nickisnick23 · age_up feudal |
| 12:24 | Playadito · wall_segment Palisade Wall x8 |
| 12:31 | PowerVoyage1792 · wall_segment Palisade Wall x1 |
| 12:38 | :beatmeat: · age_up feudal |
| 12:53 | Playadito · first_market_sell 100 stone |
| 12:53 | Playadito · first_market_buy 100 food |
| 13:11 | Nickisnick23 · wall_segment Palisade Wall x10 |
| 13:37 | Playadito · wall_segment Palisade Wall x10 |
| 13:56 | PowerVoyage1792 · wall_segment Palisade Wall x3 |
| 14:14 | Playadito · wall_segment Palisade Wall x9 |
| 14:19 | PowerVoyage1792 · wall_segment Palisade Wall x4 |
| 14:33 | Playadito · first_building Barracks |
| 14:36 | Playadito · wall_segment Palisade Wall x9 |
| 14:51 | Playadito · wall_segment Palisade Wall x6 |
| 15:25 | :beatmeat: · first_market_buy 100 food |
| 15:30 | PowerVoyage1792 · wall_segment Stone Wall x1 |
| 15:35 | Playadito · wall_segment Palisade Wall x14 |
| 15:40 | Playadito · age_up castle |
| 15:49 | :beatmeat: · wall_segment Palisade Wall x7 |
| 15:52 | :beatmeat: · wall_segment Palisade Wall x7 |
| 15:55 | :beatmeat: · wall_segment Palisade Wall x10 |
| 16:00 | Playadito · wall_segment Palisade Wall x12 |
| 16:01 | :beatmeat: · wall_segment Palisade Wall x21 |
| 16:03 | :beatmeat: · wall_segment Palisade Wall x11 |
| 16:07 | :beatmeat: · wall_segment Palisade Wall x15 |
| 16:11 | :beatmeat: · wall_segment Palisade Wall x11 |
| 16:14 | :beatmeat: · wall_segment Palisade Wall x10 |
| 17:31 | Nickisnick23 · wall_segment Palisade Wall x1 |
| 18:32 | PowerVoyage1792 · wall_segment Stone Wall x4 |
| 18:38 | PowerVoyage1792 · wall_segment Stone Wall x2 |
| 18:50 | Nickisnick23 · wall_segment Palisade Wall x9 |
| 18:55 | :beatmeat: · wall_segment Palisade Wall x6 |
| 19:01 | :beatmeat: · wall_segment Palisade Wall x8 |
| 19:06 | Nickisnick23 · first_building Archery Range |
| 19:14 | PowerVoyage1792 · wall_segment Stone Wall x6 |
| 19:57 | Playadito · wall_segment Palisade Wall x1 |
| 20:28 | MAGNUM S1 · wall_segment Palisade Wall x3 |
| 20:43 | canaed · first_market_buy 100 food |
| 20:54 | MAGNUM S1 · wall_segment Palisade Wall x2 |
| 22:25 | Playadito · first_building Stable |
| 23:20 | :beatmeat: · age_up castle |
| 23:25 | canaed · age_up castle |
| 23:57 | :beatmeat: · first_building Castle |
| 25:00 | MAGNUM S1 · first_building Stable |
| 25:17 | :beatmeat: · first_building Siege Workshop |
| 25:28 | Nickisnick23 · wall_segment Palisade Wall x9 |
| 25:53 | :beatmeat: · wall_segment Palisade Wall x13 |
| 26:01 | PowerVoyage1792 · wall_segment Stone Wall x3 |
| 26:59 | PowerVoyage1792 · wall_segment Stone Wall x5 |
| 27:44 | MAGNUM S1 · age_up castle |
| 28:01 | PowerVoyage1792 · wall_segment Stone Wall x7 |
| 28:54 | canaed · first_building Siege Workshop |
| 29:03 | Playadito · first_building Siege Workshop |
| 29:17 | Nickisnick23 · wall_segment Palisade Wall x8 |
| 29:48 | Nickisnick23 · wall_segment Palisade Wall x4 |
| 30:29 | MAGNUM S1 · wall_segment Palisade Wall x1 |
| 30:30 | MAGNUM S1 · wall_segment Palisade Wall x1 |
| 30:32 | canaed · first_building Castle |
| 30:48 | canaed · first_market_sell 100 food |
| 31:00 | MAGNUM S1 · wall_segment Palisade Wall x8 |
| 32:40 | MAGNUM S1 · first_building Siege Workshop |
| 33:05 | :beatmeat: · first_building Monastery |
| 33:24 | :beatmeat: · first_market_sell 100 food |
| 33:34 | PowerVoyage1792 · wall_segment Stone Wall x10 |
| 33:45 | PowerVoyage1792 · wall_segment Stone Wall x4 |
| 34:25 | Playadito · age_up imperial |
| 35:36 | PowerVoyage1792 · first_market_buy 100 stone |
| 35:53 | PowerVoyage1792 · first_building Castle |
| 36:09 | MAGNUM S1 · first_building Castle |
| 36:22 | PowerVoyage1792 · wall_segment Stone Wall x3 |
| 36:25 | PowerVoyage1792 · wall_segment Stone Wall x3 |
| 36:50 | PowerVoyage1792 · first_market_sell 100 food |
| 38:09 | Nickisnick23 · wall_segment Palisade Wall x1 |
| 38:16 | MAGNUM S1 · first_building Krepost |
| 39:27 | :beatmeat: · age_up imperial |
| 39:44 | canaed · age_up imperial |
| 40:13 | Nickisnick23 · wall_segment Palisade Wall x33 |
| 41:08 | MAGNUM S1 · age_up imperial |
| 41:11 | Nickisnick23 · wall_segment Palisade Wall x10 |
| 41:36 | Playadito · first_building Castle |
| 42:28 | MAGNUM S1 · wall_segment Palisade Wall x12 |
| 42:32 | MAGNUM S1 · wall_segment Palisade Wall x9 |
| 42:51 | PowerVoyage1792 · first_building Siege Workshop |
| 45:02 | MAGNUM S1 · first_market_sell 500 wood |
| 45:04 | MAGNUM S1 · first_market_buy 100 food |
| 49:54 | MAGNUM S1 · resign |
[ ANÁLISIS IA · 1 CRÉDITO ]
¿Qué pasó realmente en esta partida?
Wolo.gg analiza cada decisión: build order, eco, micro, errores típicos por bracket. Análisis personalizado por WhatsApp o Discord en 30 segundos.
Guía civ
Bizantinos
Guía mapa
Mountain Dunes
Perfil
Nickisnick23